 Dungeon Crawl Stone Soup version 0.21.1-1-g345015f (webtiles) character file.

4 xccam the Grasshopper (level 1, -1/13 HPs)
             Began as a Gnoll Wanderer on Mar 10, 2018.
             Slain by a jackal (3 damage)
             ... on level 1 of the Dungeon.
             The game lasted 00:00:48 (265 turns).

xccam the Grasshopper (Gnoll Wanderer)               Turns: 265, Time: 00:00:48

Health: -1/13      AC:  1    Str: 17    XL:     1   Next: 60%
Magic:  2/2        EV: 11    Int: 13    God:
Gold:   74         SH:  0    Dex: 12    Spells: 0/0 levels left

rFire    . . .     SeeInvis .   a - +2 dagger
rCold    . . .     Gourm    .   (no shield)
rNeg     . . .     Faith    .   g - -1 robe (curse)
rPois    .         Spirit   .   (no helmet)
rElec    .         Reflect  .   (no cloak)
rCorr    .         Harm     .   (no gloves)
MR       .....                  (no boots)
Stlth    ++........             (no amulet)
HPRegen  0.04/turn              (no ring)
MPRegen  0.08/turn              (no ring)

@: no status effects
A: distributed training, fangs 1, strong nose
a: no special abilities


You were on level 1 of the Dungeon.
You were not hungry.

You visited 1 branch of the dungeon, and saw 1 of its levels.

You collected 74 gold pieces.

Inventory:

Hand Weapons
 a - a +2 dagger (weapon)
Armour
 e - a +0 robe
 g - a cursed -1 robe (worn)
Scrolls
 i - a scroll of teleportation {unknown}
 j - a scroll of remove curse {unknown}
Potions
 b - a potion of haste
 c - a potion of curing
 h - a potion of heal wounds {unknown}
Books
 d - the Guide on the Traveller

   Spells                             Type                      Level
   a - Apportation                    Translocation                1
   b - Lesser Beckoning               Translocation                3
Comestibles
 f - 2 rations


   Skills:
 + Level 0.0 Fighting
 + Level 0.0 Short Blades
 + Level 0.0 Long Blades
 + Level 0.0 Axes
 + Level 0.0 Maces & Flails
 + Level 0.0 Polearms
 + Level 0.0 Staves
 + Level 0.0 Slings
 + Level 0.0 Bows
 + Level 0.0 Crossbows
 + Level 2.3 Throwing
 + Level 0.0 Armour
 + Level 0.0 Dodging
 + Level 2.1 Stealth
 + Level 0.0 Shields
 + Level 4.4 Unarmed Combat
 + Level 0.0 Spellcasting
 + Level 0.0 Conjurations
 + Level 0.0 Hexes
 + Level 0.0 Charms
 + Level 0.0 Summonings
 + Level 0.0 Necromancy
 + Level 5.3 Translocations
 + Level 0.0 Transmutations
 + Level 3.6 Fire Magic
 + Level 0.0 Ice Magic
 + Level 0.0 Air Magic
 + Level 0.0 Earth Magic
 + Level 0.0 Poison Magic
 + Level 0.1 Invocations
 + Level 2.3 Evocations


You couldn't memorise any spells.
You didn't know any spells.

Dungeon Overview and Level Annotations

Branches:
Dungeon (1/15)

Altars:


Innate Abilities, Weirdness & Mutations

Your experience applies equally to all skills.
You have very sharp teeth.
Your uncanny sense of smell can sniff out nearby items.


Message History

You hit the hobgoblin.
The hobgoblin is heavily wounded.
The jackal barely misses you. The hobgoblin hits you with a club.
The jackal closely misses you.
You hit the hobgoblin.
You kill the hobgoblin!
The jackal closely misses you. The jackal barely misses you.
The jackal bites you. The kobold hits you with a club.
* * * LOW HITPOINT WARNING * * *
You see here a club.
You hit the jackal.
The jackal is severely wounded.
The jackal completely misses you. The kobold hits you but does no damage.
The jackal completely misses you. The jackal closely misses you. x2
You closely miss the jackal.
The jackal is severely wounded.
The jackal closely misses you. The jackal barely misses you.
The jackal bites you.
You die...

.......♣###
#.#.....#..#
!P...♣.≈#
#.......#....
PPP.♣♣♣≈#
#.........#...
.P... ≈#
###.....#.#....
≈≈♣≈♣ ≈#
#.......#∆...
###.#
###########....###
#.# #............#
....(.K..#####
#....hh@(#
#.....hh.#
#........#
#........#
###......#
#.#....# ........
###.####.


You could see 4 jackals and a kobold.

Vanquished Creatures
  A leopard gecko (D:1)
  A hobgoblin (D:1)
  A frilled lizard (D:1)
3 creatures vanquished.

Vanquished Creatures (others)
  5 toadstools (D:1)
5 creatures vanquished.

Grand Total: 8 creatures vanquished

Notes
Turn   | Place    | Note
-------+----------+-------------------------------------------
     0 | D:1      | xccam the Gnoll Wanderer began the quest for the Orb.
     0 | D:1      | xccam set off with: a +2 dagger, a potion of haste, a potion of curing, the Guide on the Traveller, a +0 robe, a ration
     0 | D:1      | Reached XP level 1. HP: 13/13 MP: 2/2
   265 | D:1      | Slain by a jackal

Action                   || total
-------------------------++-------
Melee: Dagger            ||    10
       Bite              ||     1
Dodge: Dodged            ||    16
